Map: [ESL] Hardwire

Players

Maru - Winner!

  • Race: Terran Terran

Serral

  • Race: Zerg Zerg

Event: IEM Katowice 2022

VOD

https://youtu.be/FV_-MurKcqw

Description

Time

  • Played on: Feb. 26, 2022, 4:29 p.m.
  • Length: 26:40

All games in this series

Show
View Real Time Build Order
Export as new Build Order

Maru Terran - Winner!

Build Orders: Mech 

Get SALT Encoding   

  12  0:00  SCV  
  13  0:12  SCV  
  14  0:16  Supply Depot  
  14  0:24  SCV  
  15  0:38  SCV  
  15  0:40  Barracks  
  16  0:43  Refinery  
  16  0:50  SCV  
  17  1:02  SCV  
  18  1:14  SCV  
  19  1:26  Marine, Orbital Command  
  20  1:39  Command Center  
  20  1:49  Factory  
  20  1:53  SCV  
  21  2:02  Barracks Reactor  
  21  2:05  SCV  
  22  2:09  Supply Depot  
  22  2:11  Refinery  
  22  2:17  SCV  
  23  2:31  SCV  
  23  2:33  Hellion  
  26  2:38  Starport  
  26  2:39  Marine x2  
  26  2:43  SCV  
  29  2:51  Orbital Command  
  29  2:55  Hellion  
  29  2:57  SCV  
  32  3:01  Marine  
  32  3:03  Marine  
  34  3:09  SCV  
  35  3:14  Medivac  
  35  3:17  SCV  
  35  3:19  Marine  
  39  3:21  Marine  
  39  3:26  Supply Depot  
  40  3:27  SCV  
  40  3:29  SCV  
  42  3:39  SCV  
  43  3:41  SCV  
  44  3:49  Fusion Core  
  44  3:51  SCV  
  44  3:52  Viking  
  44  3:53  SCV  
  48  4:03  SCV, Hellion x2  
  48  4:04  Supply Depot  
  48  4:05  SCV  
  48  4:06  Barracks Tech Lab  
  54  4:25  Command Center  
  54  4:26  SCV x2  
  56  4:38  Supply Depot  
  58  4:49  Battlecruiser  
  58  4:52  Supply Depot  
  62  4:59  SCV x2  
  64  5:00  Refinery x2  
  64  5:11  SCV x2  
  66  5:20  Hellion x2  
  70  5:24  SCV x2  
  72  5:32  Factory  
  72  5:36  SCV x2, Factory  
  72  5:38  Orbital Command  
  72  5:42  Hellion x2  
  78  5:48  SCV x2, Armory  
  78  5:49  Armory  
  80  6:00  SCV x2  
  80  6:03  Hellion x2  
  86  6:07  Orbital Command  
  86  6:08  Battlecruiser  
  92  6:12  SCV  
  93  6:22  Factory Tech Lab x2  
  93  6:27  Supply Depot  
  93  6:28  Supply Depot, Engineering Bay  
  93  6:34  SCV x2  
  93  6:35  SCV  
  96  6:42  Terran Vehicle Weapons Level 1  
  96  6:43  Terran Vehicle And Ship Armor Level 1  
  96  6:46  SCV x2  
  94  6:47  SCV  
  94  6:50  Cyclone x2  
  100  6:58  SCV x2  
  100  6:59  SCV  
  103  7:04  Refinery  
  103  7:05  Supply Depot  
  103  7:06  Refinery  
  103  7:10  SCV x2  
  103  7:11  SCV, Hellion x2  
  103  7:12  Missile Turret  
  103  7:14  Missile Turret  
  110  7:18  Missile Turret  
  110  7:22  SCV x2, Cyclone  
  115  7:23  SCV  
  115  7:27  Siege Tank  
  119  7:34  Supply Depot  
  119  7:35  SCV x2  
  119  7:36  Weapon Refit  
  115  7:38  SCV  
  115  7:42  Supply Depot  
  116  7:47  SCV x2  
  116  7:51  Widow Mine x2  
  122  7:54  Cyclone  
  122  7:56  Hellion x4  
  125  7:59  Cyclone  
  125  8:00  Command Center  
  125  8:01  Infernal Pre-Igniter  
  125  8:03  Supply Depot  
  125  8:05  SCV  
  129  8:10  Factory  
  129  8:11  SCV  
  130  8:12  Missile Turret  
  130  8:14  Factory  
  130  8:18  SCV x2  
  130  8:19  Supply Depot  
  132  8:23  SCV, Hellion x2  
  143  8:27  Battlecruiser  
  143  8:29  Widow Mine  
  143  8:32  Widow Mine, Supply Depot  
  147  8:36  Missile Turret  
  147  8:43  SCV x3  
  147  8:48  Terran Vehicle Weapons Level 2  
  150  8:55  SCV x2  
  150  9:00  SCV  
  150  9:01  Command Center  
  153  9:03  Factory Tech Lab, Factory Reactor  
  153  9:05  Hellion, Siege Tank x2  
  153  9:07  SCV  
  162  9:10  Refinery  
  162  9:15  SCV, Refinery  
  163  9:17  Missile Turret  
  163  9:19  Missile Turret  
  163  9:20  Missile Turret  
  163  9:21  Widow Mine  
  165  9:25  Missile Turret x2  
  165  9:26  Terran Vehicle And Ship Armor Level 2  
  165  9:27  Widow Mine  
  165  9:31  SCV x3  
  170  9:40  Thor  
  170  9:44  Planetary Fortress  
  174  9:46  Supply Depot  
  174  9:50  Supply Depot  
  174  9:54  Sensor Tower  
  174  10:00  Thor  
  174  10:04  Command Center  
  180  10:12  Missile Turret  
  179  10:20  Thor  
  156  10:22  Thor  
  158  10:36  Missile Turret x2, Hellion x4  
  158  10:40  SCV  
  158  10:41  SCV x2  
  158  10:42  Thor  
  168  10:45  Sensor Tower  
  168  10:49  Battlecruiser  
  180  10:50  Missile Turret  
  180  10:51  Smart Servos  
  180  10:52  Missile Turret  
  180  10:58  SCV x4  
  180  11:01  Missile Turret  
  183  11:08  Siege Tank x2  
  183  11:11  SCV x2  
  184  11:18  Missile Turret x2  
  184  11:19  Missile Turret  
  184  11:22  Terran Vehicle Weapons Level 3, Planetary Fortress  
  184  11:23  SCV x2  
  186  11:31  Siege Tank  
  183  11:40  SCV  
  183  11:42  SCV x2  
  177  11:52  SCV  
  177  11:53  Planetary Fortress  
  166  11:54  SCV x2  
  166  11:58  Missile Turret x2  
  163  12:02  Hellion, Siege Tank x2  
  163  12:04  SCV  
  163  12:06  SCV x2  
  172  12:13  Terran Vehicle And Ship Armor Level 3  
  172  12:15  Supply Depot, Hellion x3  
  178  12:16  SCV  
  178  12:18  SCV x2  
  181  12:27  Refinery, Battlecruiser  
  181  12:28  SCV  
  188  12:30  SCV x2  
  180  12:37  SCV  
  180  12:39  Supply Depot  
  180  12:40  SCV  
  162  12:54  Hellion, Siege Tank x2  
  162  12:55  Hellion  
  162  12:57  SCV x2  
  162  12:58  SCV  
  170  13:02  Hellion  
  169  13:10  SCV x2, Missile Turret  
  169  13:11  Missile Turret, SCV x3  
  171  13:22  SCV x2, Thor  
  171  13:23  SCV  
  171  13:24  SCV x2  
  176  13:32  Sensor Tower  
  176  13:34  SCV, Thor  
  176  13:38  Missile Turret  
  176  13:39  Missile Turret  
  183  14:02  Barracks  
  183  14:03  Barracks  
  183  14:04  Hellion  
  183  14:05  Ghost Academy  
  183  14:07  Sensor Tower  
  183  14:08  Barracks  
  185  14:14  Command Center  
  185  14:16  Hellion x3, Command Center  
  191  14:26  Command Center  
  190  14:38  Hellion  
  190  14:39  Barracks Tech Lab  
  190  14:43  Siege Tank  
  195  14:48  Siege Tank  
  195  14:52  Barracks Tech Lab x2  
  165  14:58  Thor  
  154  15:00  Ghost Academy  
  154  15:02  Hellion x2  
  154  15:03  Hellion x2  
  154  15:04  Terran Infantry Armor Level 1  
  154  15:05  Engineering Bay  
  156  15:15  Barracks Tech Lab, Raven, Siege Tank  
  156  15:17  Refinery  
  156  15:20  Siege Tank  
  164  15:21  Refinery  
  164  15:28  Orbital Command  
  164  15:31  Ghost  
  164  15:32  Personal Cloaking, Ghost  
  166  15:37  Hellion  
  166  15:41  Siege Tank  
  169  15:46  Ghost  
  169  15:47  Siege Tank  
  172  15:59  Planetary Fortress  
  172  16:00  Ghost x2, Barracks Tech Lab  
  172  16:03  Orbital Command  
  176  16:04  Siege Tank  
  171  16:15  Ghost  
  171  16:19  Orbital Command  
  171  16:25  Hellion x4  
  179  16:28  Ghost  
  179  16:29  Ghost  
  179  16:31  Medivac  
  185  16:39  Missile Turret  
  185  16:40  Sensor Tower  
  185  16:41  Ghost  
  185  16:43  Ghost  
  186  16:47  Missile Turret  
  186  16:48  Missile Turret  
  186  16:57  Ghost  
  185  17:01  Command Center  
  185  17:02  Command Center  
  185  17:03  Medivac  
  187  17:11  Missile Turret  
  187  17:12  Command Center  
  187  17:16  Enhanced Shockwaves  
  187  17:18  Terran Infantry Armor Level 2  
  187  17:19  Hellion x9  
  187  17:24  Hellion  
  187  17:25  Hellion  
  186  17:33  SCV x2, Hellion x2  
  186  17:34  SCV x4  
  191  17:37  Refinery  
  191  17:38  Refinery  
  191  17:41  Hellion x2  
  191  17:44  Terran Ship Weapons Level 1  
  195  17:45  SCV  
  195  17:46  SCV x2  
  191  17:53  Medivac  
  186  18:02  Hellion x4  
  194  18:12  Ghost x3  
  200  18:20  Orbital Command  
  190  18:34  Missile Turret x2  
  190  18:35  Missile Turret  
  190  18:50  Planetary Fortress  
  190  18:52  Missile Turret  
  190  18:54  Missile Turret, Sensor Tower  
  190  18:55  Missile Turret x2  
  187  19:03  Ghost  
  187  19:04  Siege Tank x2  
  187  19:05  Siege Tank  
  196  19:17  Missile Turret  
  196  19:22  Missile Turret  
  196  19:33  Command Center  
  196  19:34  Terran Infantry Armor Level 3  
  165  19:52  Hellion, Siege Tank x2  
  171  19:53  Hellion x3, Ghost x3  
  171  19:54  Medivac  
  171  19:59  Orbital Command  
  181  20:01  Command Center  
  181  20:11  Siege Tank  
  183  20:14  Hellion  
  183  20:23  Command Center  
  183  20:27  Sensor Tower  
  183  20:34  Hellion x2  
  187  20:44  Siege Tank x2  
  187  20:45  Hellbat, Hellion x2  
  176  21:19  Hellion, Siege Tank  
  179  21:27  Command Center  
  179  21:28  Command Center  
  167  21:34  Orbital Command, Siege Tank x2  
  167  21:35  Hellion  
  169  21:42  Orbital Command  
  167  21:47  Missile Turret  
  167  21:49  Command Center  
  167  21:51  Missile Turret  
  167  21:54  Missile Turret  
  167  22:11  SCV x2, Neosteel Armor  
  167  22:12  SCV x6  
  169  22:23  SCV  
  173  22:30  Hellion  
  173  22:36  Command Center  
  171  22:57  Thor x3  
  171  22:58  Viking  
  185  23:13  Orbital Command  
  180  23:28  Viking  
  182  23:37  Hellbat x2  
  182  23:38  Hellbat  
  182  23:39  Thor  
  182  23:40  Thor, Hellion x4  
  199  23:49  Orbital Command  
  199  23:52  Terran Infantry Weapons Level 1  
  191  23:57  Thor  
  191  23:58  Viking  
  187  24:22  Thor  
  187  24:44  Thor x2  
  180  25:05  Orbital Command  
  180  25:07  Hellbat x4, Orbital Command  
  174  25:15  Orbital Command  
  174  25:16  SCV x5  
  175  25:31  Refinery  
  175  25:32  Refinery  
  175  25:35  Hellbat x2  
  179  25:39  SCV  
  179  25:40  SCV x5  
  185  25:48  Missile Turret  
  175  25:50  Missile Turret  
  172  26:01  SCV x3  
  172  26:03  Hellbat  
  171  26:10  Hellbat  
  171  26:11  Hellbat  
Show
View Real Time Build Order
Export as new Build Order

Serral Zerg 

Build Orders: Hatch First, Swarm Host 

Get SALT Encoding   

  12  0:00  Drone  
  13  0:12  Overlord  
  13  0:16  Drone  
  14  0:30  Drone x2  
  16  0:47  Hatchery  
  15  0:50  Drone  
  15  0:55  Drone  
  17  0:58  Drone  
  18  1:09  Extractor  
  17  1:13  Spawning Pool  
  17  1:15  Drone  
  17  1:19  Drone  
  18  1:28  Drone  
  19  1:38  Drone  
  20  1:49  Drone  
  21  1:59  Queen x2  
  21  2:00  Zergling x4  
  27  2:12  Overlord  
  27  2:19  Drone  
  27  2:22  Hatchery  
  27  2:25  Drone  
  28  2:31  Drone x2  
  28  2:33  Drone  
  31  2:39  Metabolic Boost  
  31  2:45  Queen  
  31  2:51  Overlord  
  33  2:54  Drone  
  34  2:59  Drone x2  
  34  3:02  Pneumatized Carapace  
  36  3:12  Drone x4  
  39  3:15  Overlord  
  39  3:19  Drone  
  40  3:20  Drone  
  40  3:25  Queen  
  43  3:34  Queen  
  43  3:35  Overlord  
  43  3:38  Drone  
  43  3:39  Zergling x2  
  43  3:40  Zergling x2  
  48  3:44  Zergling x2  
  48  3:46  Drone  
  48  3:47  Drone x2  
  52  3:49  Drone  
  53  4:00  Zergling x2  
  53  4:01  Queen  
  56  4:05  Overlord, Zergling x2  
  56  4:07  Drone  
  56  4:08  Drone  
  56  4:09  Drone, Baneling Nest  
  59  4:11  Drone  
  59  4:15  Queen  
  62  4:19  Drone x3  
  65  4:24  Overlord x2  
  65  4:29  Overlord  
  65  4:41  Lair  
  65  4:42  Queen  
  65  4:43  Zergling x4  
  65  4:44  Overlord x2, Extractor  
  68  4:46  Drone  
  68  4:47  Drone  
  68  4:49  Drone  
  68  4:51  Drone x2  
  73  4:55  Queen  
  73  4:57  Drone x2  
  77  5:00  Evolution Chamber  
  77  5:02  Drone  
  77  5:03  Drone  
  79  5:12  Zergling x2  
  79  5:13  Drone x6  
  85  5:19  Drone  
  86  5:24  Overlord  
  86  5:25  Drone x3  
  86  5:27  Zergling x2  
  90  5:31  Extractor  
  90  5:32  Extractor x2  
  90  5:33  Spore Crawler, Extractor  
  90  5:34  Spore Crawler x2  
  83  5:37  Baneling x3  
  83  5:40  Drone x3  
  83  5:42  Drone  
  86  5:46  Spire  
  86  5:47  Queen  
  87  5:50  Zergling x4  
  87  5:51  Drone  
  87  5:54  Drone x3  
  87  5:56  Overlord  
  93  5:58  Drone x3  
  93  6:03  Drone  
  97  6:07  Overlord  
  97  6:11  Drone x2  
  97  6:14  Queen x2  
  97  6:16  Drone  
  101  6:19  Overlord  
  101  6:20  Overseer  
  101  6:21  Drone  
  101  6:31  Hatchery  
  100  6:33  Zergling x8  
  104  6:41  Zergling x12  
  106  6:55  Overlord  
  106  7:01  Overlord  
  104  7:03  Hatchery  
  104  7:08  Drone x4  
  106  7:10  Mutalisk x7  
  106  7:12  Zerg Flyer Weapons Level 1  
  121  7:16  Overlord  
  121  7:20  Mutalisk x3  
  126  7:33  Mutalisk x3  
  130  7:45  Hatchery  
  130  7:46  Evolution Chamber  
  130  7:47  Drone x7  
  130  7:50  Infestation Pit  
  133  7:55  Drone x8  
  141  8:03  Centrifugal Hooks  
  141  8:07  Overlord  
  141  8:10  Drone, Extractor  
  141  8:11  Roach Warren  
  141  8:12  Overlord x2, Extractor  
  139  8:13  Overlord x2  
  139  8:18  Zerg Missile Weapons Level 1  
  139  8:20  Drone x3  
  139  8:22  Spore Crawler  
  139  8:23  Drone x2  
  139  8:26  Baneling x3  
  143  8:29  Overseer  
  143  8:32  Mutalisk x4  
  151  8:37  Overlord  
  151  8:45  Drone x2  
  151  8:46  Drone x5  
  151  8:47  Zergling x8  
  151  8:48  Extractor  
  161  8:50  Extractor  
  161  8:53  Zergling x4  
  161  8:54  Zergling x2  
  163  8:59  Swarm Host  
  163  9:00  Swarm Host x4  
  177  9:12  Drone  
  177  9:13  Drone x4  
  177  9:15  Swarm Host x5  
  192  9:20  Swarm Host  
  198  9:33  Spine Crawler  
  198  9:34  Spine Crawler  
  198  9:35  Zerg Flyer Weapons Level 2  
  198  9:36  Spine Crawler  
  198  9:37  Spore Crawler, Swarm Host, Spine Crawler  
  196  9:39  Spore Crawler  
  196  9:41  Spore Crawler  
  196  9:43  Swarm Host x2  
  200  9:47  Baneling x8  
  200  9:48  Baneling x7  
  197  9:52  Spine Crawler  
  197  9:54  Spine Crawler  
  197  9:55  Baneling x6  
  196  10:00  Zergling x8  
  196  10:02  Evolution Chamber  
  174  10:26  Mutalisk, Zergling x26  
  174  10:27  Mutalisk x4  
  194  10:31  Baneling x2  
  194  10:32  Swarm Host x2  
  200  10:36  Glial Reconstitution  
  200  10:46  Zerg Missile Weapons Level 2  
  200  10:47  Zerg Melee Weapons Level 1  
  200  10:50  Baneling x20  
  200  11:10  Baneling x6  
  194  11:11  Zergling x12  
  194  11:16  Hive  
  194  11:17  Burrow  
  200  11:19  Pathogen Glands  
  184  11:50  Zergling x24  
  184  11:51  Baneling x12  
  190  11:57  Mutalisk x3  
  190  11:58  Mutalisk x5  
  197  12:09  Mutalisk  
  199  12:15  Neural Parasite  
  199  12:17  Baneling x2  
  199  12:18  Baneling x16  
  199  12:28  Zerg Flyer Armor Level 1  
  183  12:39  Hatchery  
  183  12:42  Corruptor x8  
  176  12:59  Corruptor x4  
  171  13:05  Zergling x2  
  171  13:06  Zergling x20  
  171  13:11  Zerg Missile Weapons Level 3  
  182  13:27  Hatchery  
  181  13:36  Drone x2  
  181  13:37  Drone x2  
  185  13:43  Roach x3  
  189  13:56  Baneling x14  
  189  13:57  Baneling x8  
  181  14:11  Corruptor x3  
  187  14:19  Overlord x2  
  187  14:20  Ravager x2  
  187  14:21  Ravager  
  187  14:22  Zergling x16  
  198  14:29  Zerg Ground Armor Level 1  
  171  14:53  Roach x14  
  189  15:03  Nydus Network  
  185  15:07  Zergling x2  
  185  15:08  Queen x2, Zergling x8  
  185  15:11  Drone  
  190  15:15  Greater Spire  
  188  15:21  Ravager x7  
  188  15:22  Ravager x7  
  186  15:35  Drone x10  
  196  15:44  Nydus Canal  
  196  15:51  Spore Crawler, Spine Crawler  
  196  15:52  Baneling x9  
  196  15:53  Zergling x12  
  199  16:01  Nydus Canal  
  199  16:17  Zergling x16  
  192  16:25  Infestor x3  
  194  16:28  Zerg Flyer Weapons Level 3  
  198  16:38  Overlord  
  198  16:40  Nydus Canal  
  198  16:47  Zergling x2  
  198  16:49  Hatchery  
  194  16:58  Infestor  
  194  16:59  Zergling x18  
  199  17:01  Zerg Ground Armor Level 2, Zerg Melee Weapons Level 2  
  199  17:08  Nydus Canal  
  195  17:12  Spine Crawler  
  194  17:20  Baneling x3  
  194  17:32  Zergling x12  
  200  17:44  Overseer  
  191  17:52  Hatchery  
  191  17:55  Zergling x20  
  192  17:59  Roach x2  
  192  18:05  Baneling x12  
  196  18:06  Zergling x6  
  196  18:11  Spore Crawler  
  198  18:16  Nydus Canal  
  198  18:17  Drone  
  198  18:19  Baneling x10  
  199  18:20  Baneling x2  
  199  18:44  Zergling x2  
  193  18:59  Nydus Canal  
  193  19:05  Zergling x14  
  200  19:12  Infestor x2  
  200  19:16  Extractor  
  199  19:17  Extractor  
  199  19:23  Baneling x2  
  182  19:44  Zergling x2  
  182  19:45  Zergling x36  
  157  19:51  Roach x6  
  169  19:57  Corruptor x6  
  181  20:05  Hatchery, Baneling x11  
  181  20:06  Overseer x2, Baneling x14  
  180  20:16  Zergling x2  
  180  20:17  Zergling x8  
  180  20:20  Ravager x6  
  191  20:24  Zergling x14  
  197  20:28  Nydus Canal  
  197  20:41  Overlord  
  188  20:47  Overlord  
  166  20:50  Nydus Canal  
  162  20:58  Zergling x24  
  162  20:59  Zergling x6  
  162  21:03  Zergling x2  
  170  21:07  Zergling x2  
  170  21:09  Queen  
  170  21:10  Hatchery, Zergling x2  
  170  21:11  Zergling x4  
  172  21:16  Zerg Flyer Armor Level 2  
  172  21:17  Zergling x2  
  172  21:18  Zergling x2  
  165  21:19  Baneling x8  
  149  21:41  Zergling x6  
  149  21:42  Zergling x2  
  150  21:47  Brood Lord x13  
  150  21:48  Overseer x2  
  150  21:50  Infestor x3  
  150  21:51  Infestor  
  150  21:53  Drone x3  
  176  21:54  Drone x3  
  177  22:02  Zergling x8  
  177  22:07  Zergling x4  
  174  22:16  Zergling x6  
  177  22:24  Hatchery  
  177  22:25  Zergling x4  
  178  22:34  Infestor x4  
  158  23:03  Zergling x18  
  165  23:06  Roach  
  165  23:07  Roach x3  
  171  23:22  Roach  
  171  23:23  Roach x2  
  163  23:54  Infestor x4  
  155  23:57  Overseer  
  155  23:59  Ravager x7  
  158  24:05  Zergling x10  
  157  24:10  Overseer  
  157  24:13  Hatchery  
  157  24:14  Zergling x4  
  151  24:29  Roach x2  
  151  24:30  Overseer  
  155  24:49  Roach x2  
  152  25:10  Extractor  
  152  25:11  Extractor  
  156  25:17  Overseer  
  156  25:18  Infestor x2  
  152  25:25  Zergling x6  
  155  25:34  Zergling x4  
  156  25:43  Zergling x2  
  156  25:44  Zergling x4  
  155  25:51  Queen  
  155  25:56  Infestor  
  153  26:07  Zergling x8  

Tags
 
Add a new tag
Caveats
  • Supply blocks, unpowered buildings, or Contaminate may cause inaccurate times.
  • Supply counts are checked every 10 seconds.